 Dungeon Crawl Stone Soup version 0.25-a0-190-g27fffb8c76 (webtiles) character file.

Game seed: 2281098428441026395, levelgen mode: deterministic

240 RedPan the Chiller (level 5, 0/38 HPs)
             Began as a Draconian Ice Elementalist on Nov 30, 2019.
             Slain by Grinder (7 damage)
             ... on level 3 of the Dungeon.
             The game lasted 00:06:02 (2918 turns).

RedPan the Chiller (Draconian Ice Elementalist)     Turns: 2918, Time: 00:06:03

Health: 0/38       AC:  8    Str: 10    XL:     5   Next: 80%
Magic:  3/10       EV: 12    Int: 16    God:
Gold:   133        SH:  0    Dex: 12    Spells: 6/11 levels left

rFire    . . .     SeeInvis .   j - +2 war axe (flame)
rCold    . . .     Gourm    .   (no shield)
rNeg     . . .     Faith    .   (armour unavailable)
rPois    .         Spirit   .   (helmet restricted)
rElec    .         Reflect  .   r - +2 cloak
rCorr    .         Harm     .   (no gloves)
MR       .....                  (no boots)
Stlth    ++........             (no amulet)
HPRegen  0.12/turn              (no ring)
MPRegen  0.12/turn              (no ring)

@: no status effects
A: unfitting armour, cold-blooded, AC +5
a: no special abilities


You were on level 3 of the Dungeon.
You were very hungry.

You visited 1 branch of the dungeon, and saw 3 of its levels.

You collected 133 gold pieces.

Inventory:

Hand Weapons
 e - a +0 short sword
 i - a +0 spear
 j - a +2 war axe of flaming (weapon)
 q - a +3 quarterstaff of chaos
Armour
 r - a +2 cloak (worn)
Scrolls
 a - 2 scrolls of magic mapping
 c - a scroll of enchant weapon {unknown}
 l - 2 scrolls of remove curse
 n - a scroll of enchant armour
 o - a scroll of blinking {unknown}
 p - 2 scrolls of amnesia
Potions
 d - a potion of cancellation
 f - a potion of agility
 h - a potion of might
 k - 3 potions of haste {unknown}
 m - a potion of heal wounds {unknown}
Comestibles
 b - a ration


   Skills:
 - Level 2.0 Dodging
 - Level 2.0 Stealth
 + Level 3.8 Spellcasting
   Level 1.0 Conjurations
 + Level 2.1 Summonings
 + Level 4.6 Ice Magic


You had 6 spell levels left.
You knew the following spells:

 Your Spells              Type           Power        Failure   Level  Hunger
a - Freeze                Ice            ###.         2%          1    None
b - Summon Ice Beast      Ice/Summ       ##......     38%         4    ####...

Your spell library contained the following spells:

 Spells                   Type           Power        Failure   Level  Hunger
 Summon Small Mammal      Summ           #...         7%          1    None
 Throw Frost              Conj/Ice       ##....       9%          2    ##.....
 Animate Skeleton         Necr           N/A          17%         1    None
 Apportation              Tloc           #.....       17%         1    None
 Confusing Touch          Hex            #.....       17%         1    None
 Ozocubu's Armour         Chrm/Ice       ##......     21%         3    ###....
 Throw Icicle             Conj/Ice       ##......     47%         4    ####...


Dungeon Overview and Level Annotations

Branches:
Dungeon (3/15)

Altars:
Kikubaaqudgha
Makhleb

Annotations:
D:3 Grinder


Innate Abilities, Weirdness & Mutations

Your plain brown scales are hard. (AC +5)
You cannot fit into any form of body armour.
You are cold-blooded and may be slowed by cold attacks.


Message History

You hit Grinder but do no damage.
Grinder is heavily wounded.
Grinder barely misses you.
Your ice beast closely misses Grinder.
Grinder closely misses you.
You barely miss Grinder.
Grinder is heavily wounded.
Your ice beast hits Grinder.
Your ice beast freezes Grinder.
Grinder resists.
Grinder hits you.
* * * LOW HITPOINT WARNING * * *
Your ice beast hits Grinder.
Your ice beast freezes Grinder.
Grinder resists.
You barely miss Grinder.
Grinder is severely wounded.
Grinder misses you.
Your ice beast hits Grinder.
Your ice beast freezes Grinder.
Grinder resists.
Grinder gestures at your ice beast.
Your ice beast resists with significant effort.
You barely miss Grinder.
Grinder is almost dead.
Your ice beast barely misses Grinder.
Grinder hits you!
You die...

##.# ##...##.# #...
...#
#####.###.###.P..
####
#.....###.#..P...
....##......#.....#
## ##..........## #
#............ #
#............ #
#.......##.._ #
#....@5Y# ..
#....$?.### #
#..<.......
#....$.......
#############


You could see Grinder and a friendly ice beast.

Vanquished Creatures
  Purgy (D:3)
  An orc priest (D:3)
  Crazy Yiuf (D:2)
  Robin (D:3)
  An adder (D:3)
  A worm (D:3)
  A dart slug (D:1)
  4 orcs
  4 giant cockroaches
  9 goblins
  6 hobgoblins
  11 kobolds
  3 ball pythons
  7 bats
  3 frilled lizards
  11 rats
65 creatures vanquished.

Vanquished Creatures (others)
  A goblin (D:3)
  3 withered plants (D:3)
4 creatures vanquished.

Grand Total: 69 creatures vanquished

Notes
Turn   | Place    | Note
-------+----------+-------------------------------------------
     0 | D:1      | RedPan the Draconian Ice Elementalist began the quest for
                  | the Orb.
     0 | D:1      | Reached XP level 1. HP: 14/14 MP: 3/3
   184 | D:1      | Reached XP level 2. HP: 17/20 MP: 0/5
   460 | D:1      | You fall into a shaft and drop 1 floor!
   815 | D:2      | Reached XP level 3. HP: 26/26 MP: 4/6
   824 | D:2      | Found a faded altar of an unknown god.
  1051 | D:2      | Found a runed translucent door.
  1052 | D:2      | Noticed Crazy Yiuf
  1356 | D:2      | Killed Crazy Yiuf
  1415 | D:3      | Noticed Grinder
  1651 | D:2      | Reached XP level 4. HP: 33/33 MP: 4/8
  1691 | D:2      | Learned a level 4 spell: Summon Ice Beast
  1909 | D:3      | Reached skill level 4 in Ice Magic
  2023 | D:3      | Found a burning altar of Makhleb.
  2026 | D:3      | Noticed Purgy
  2136 | D:3      | Killed Purgy
  2136 | D:3      | Reached skill level 1 in Summonings
  2136 | D:3      | Reached XP level 5. HP: 13/38 MP: 1/10
  2474 | D:3      | Noticed Robin
  2639 | D:3      | Killed Robin
  2859 | D:3      | Found an ancient bone altar of Kikubaaqudgha.
  2872 | D:3      | Paralysed by Grinder for 2 turns
  2918 | D:3      | Slain by Grinder

Levels and vault maps discovered:
D:1:      dpeg_arrival_long_road, layout_basic, minmay_pentomino_r2
D:2:      layout_rooms, chequers_ecumenical_altar_simple_redux,
          uniq_crazy_yiuf_cottage
D:3:      layout_rooms, lemuel_round_altar, kiku_gazebo_garden_becter,
          evilmike_ruin_ashenzari, first_ration, uniq_purgy, uniq_grinder,
          uniq_robin

Skill      XL: |  1  2  3  4  5 |
---------------+----------------+-----
Stealth        | 2 |  2.0
Dodging        | 2 |  2.0
Spellcasting   | 3 |  3.8
Ice Magic      | 4 |  4.6
Summonings     | 1 2 |  2.1
Conjurations   | |  1.0

Action                   |  1- 3 |  4- 6 || total
-------------------------+-------+-------++-------
Melee: Short sword       |    12 |       ||    12
       Unarmed           |     1 |       ||     1
       Spear             |    17 |       ||    17
       Tailslap          |     1 |     1 ||     2
       Quarterstaff      |    10 |       ||    10
       War axe           |       |    34 ||    34
 Cast: Freeze            |    38 |    43 ||    81
       Summon Ice Beast  |       |     2 ||     2
  Use: Scroll            |     9 |       ||     9
       Potion            |       |     3 ||     3
 Stab: Sleeping          |     3 |     1 ||     4
  Eat: Chunk             |     2 |     5 ||     7
Armor: Skin              |    30 |    32 ||    62
Dodge: Dodged            |    44 |    71 ||   115

Table legend:
 A = Non-vault XP
 B = Vault XP
 C = Vault XP percentage of total XP
 D = Non-vault monster count
 E = Vault monster count
 F = Vault count percentage of total count
                 A         B        C        D         E       F
            +---------+---------+-------+---------+---------+-------
      Total |     141 |     203 |  59.0 |      51 |      14 |  21.5
            +---------+---------+-------+---------+---------+-------
        D:1 |      34 |       2 |   5.6 |      21 |       2 |   8.7
        D:2 |      25 |      42 |  62.7 |      13 |       3 |  18.8
        D:3 |      82 |     159 |  66.0 |      17 |       9 |  34.6
            +---------+---------+-------+---------+---------+-------
